 Dungeon Crawl Stone Soup version 0.27-a0-1149-g4505690ab0 (webtiles) character file.

Game seed: 12903887438003242718

84095 voltaire321 the Summoner (level 15, -1/103 HPs)
             Began as an Octopode Venom Mage on May 13, 2021.
             Was a High Priest of Sif Muna.
             Shot with an arrow by a centaur warrior (20 damage)
             ... on level 15 of the Dungeon on May 14, 2021.
             The game lasted 02:27:54 (38864 turns).

voltaire321 the Summoner (Octopode Venom Mage)     Turns: 38864, Time: 02:27:55

Health: -1/103     AC:  3    Str:  7    XL:     15   Next: 79%
Magic:  11/28      EV: 27    Int: 30    God:    Sif Muna [*****.]
Gold:   2157       SH: 10    Dex: 29    Spells: 5/33 levels left

rFire    . . .     SeeInvis .   f - +3 spear of Uncomfortable Rashes {vorpal, +Blink Dex+10}
rCold    . . .     Faith    .   g - +3 buckler
rNeg     . . .     Spirit   .   m - +2 hat
rPois    +         Reflect  .   e - amulet of the acrobat
rElec    +         Harm     .   n - ring "Kuzios" {rElec Dex+6}
rCorr    +         Rampage  .   d - +4 ring of evasion
Will     ++...                  x - +4 ring of slaying
Stlth    ++++......             A - ring of willpower
HPRegen  0.27/turn              y - ring of flight
MPRegen  0.21/turn              O - ring of poison resistance
                                P - +6 ring of intelligence
                                Q - ring of resist corrosion

@: flayed, flying, studying 2 skills
A: almost no armour, amphibious, 8 rings, camouflage 1, gelatinous body 1,
(nimble swimmer 1), tentacles
a: Renounce Religion, Evoke Blink, Channel Magic, Forget Spell, Divine Exegesis


You were on level 15 of the Dungeon.
You worshipped Sif Muna.
Sif Muna was extremely pleased with you.
You visited 4 branches of the dungeon, and saw 24 of its levels.

You collected 3068 gold pieces.
You spent 911 gold pieces at shops.

Inventory:

Hand Weapons
 b - a +0 dagger
 f - the +3 spear of Uncomfortable Rashes (weapon) {vorpal, +Blink Dex+10}
   (You bought it in a shop on level 1 of the Dungeon)

   It inflicts extra damage upon your enemies.
   It affects your dexterity (+10).
   It lets you blink.
Missiles
 q - 6 curare-tipped darts
 r - 4 throwing nets
Armour
 g - a +3 buckler (worn)
 m - a +2 hat (worn)
Jewellery
 d - a +4 ring of evasion (right tentacle)
 e - an amulet of the acrobat (around mantle)
 n - the ring "Kuzios" (left tentacle) {rElec Dex+6}
   (You acquired it on level 4 of the Dungeon)

   [ring of dexterity]

   It affects your dexterity (+6).
   It insulates you from electricity.
 o - a ring of willpower
 x - a +4 ring of slaying (on tentacle)
 y - a ring of flight (on tentacle)
 A - a ring of willpower (on tentacle)
 O - a ring of poison resistance (on tentacle)
 P - a +6 ring of intelligence (on tentacle)
 Q - a ring of resist corrosion (on tentacle)
Wands
 c - a wand of paralysis (22)
 l - a wand of iceblast (19)
 u - a wand of polymorph (12)
 B - a wand of flame (121)
 D - a wand of acid (31)
 F - a wand of digging (6)
 H - a wand of mindburst (39)
Scrolls
 i - 4 scrolls of teleportation
 k - a scroll of summoning
 p - 4 scrolls of fog
 s - 4 scrolls of enchant armour
 w - a scroll of silence
 z - a scroll of magic mapping
 C - a scroll of holy word
 L - 4 scrolls of enchant weapon
 M - 7 scrolls of identify
 N - a scroll of fear
Potions
 a - a potion of invisibility
 h - 6 potions of lignification
 j - 2 potions of haste
 t - 4 potions of curing
 v - 3 potions of might
 G - a potion of mutation
 I - a potion of brilliance
 J - 3 potions of resistance
 K - a potion of berserk rage


   Skills:
 - Level 10.0 Fighting
 + Level 9.9 Polearms
 - Level 10.0 Dodging
 - Level 2.6 Stealth
 - Level 4.0 Shields
 + Level 9.6 Spellcasting
 - Level 4.0 Conjurations
 + Level 10.2 Summonings
 - Level 4.0 Transmutations
 - Level 6.0 Ice Magic
 - Level 8.0 Air Magic
 - Level 7.0 Poison Magic
 - Level 10.0 Invocations
 - Level 7.0 Evocations


You had 5 spell levels left.
You knew the following spells:

 Your Spells              Type           Power      Damage    Failure   Level
a - Sting                 Tmut/Pois      100%       1d8       1%          1
b - Poisonous Vapours     Pois/Air       100%       N/A       1%          2
c - Frozen Ramparts       Ice            100%       1d12      1%          3
d - Magic Dart            Conj           100%       1d8       1%          1
e - Olgreb's Toxic Radia  Pois           54%        N/A       1%          4
f - Ignite Poison         Fire/Tmut/Pois 36%        N/A       2%          3
g - Summon Ice Beast      Ice/Summ       58%        N/A       1%          4
h - Summon Lightning Spi  Summ/Air       62%        N/A       1%          4
i - Shadow Creatures      Summ           N/A        N/A       9%          6

Your spell library contained the following spells:

 Spells                   Type           Power      Damage    Failure   Level
 Freeze                   Ice            100%       1d11      1%          1
 Call Imp                 Summ           66%        N/A       1%          2
 Corpse Rot               Necr/Air       N/A        N/A       1%          2
 Searing Ray              Conj           76%        3d6       1%          2
 Static Discharge         Conj/Air       50%        N/A       1%          2
 Mephitic Cloud           Conj/Pois/Air  51%        N/A       1%          3
 Ozocubu's Armour         Ice            50%        N/A       1%          3
 Passwall                 Tmut/Erth      21%        N/A       2%          2
 Apportation              Tloc           28%        N/A       3%          1
 Corona                   Hex            15%        N/A       3%          1
 Sandblast                Erth           28%        2d8       3%          1
 Conjure Flame            Conj/Fire      26%        6-21      4%          3
 Dazzling Flash           Conj/Hex       52%        N/A       4%          3
 Stone Arrow              Conj/Erth      52%        3d10      4%          3
 Hailstorm                Conj/Ice       44%        3d10      4%          4
 Ice Form                 Ice/Tmut       44%        N/A       4%          4
 Blink                    Tloc           N/A        N/A       5%          2
 Slow                     Hex            14%        N/A       5%          2
 Sublimation of Blood     Necr           7%         N/A       5%          2
 Lightning Bolt           Conj/Air       25%        1d41      9%          5
 Confusing Touch          Hex            14%        N/A       11%         3
 Gell's Gravitas          Tloc           7%         N/A       11%         3
 Inner Flame              Hex/Fire       14%        N/A       11%         3
 Portal Projectile        Hex/Tloc       28%        N/A       11%         3
 Fulminant Prism          Conj/Hex       13%        3d9       16%         4
 Iskenderun's Mystic Bla  Conj/Tloc      26%        2d7       16%         4
 Petrify                  Tmut/Erth      26%        N/A       16%         4
 Sticky Flame             Conj/Fire      26%        2d5       16%         4
 Silence                  Hex/Air        19%        N/A       21%         5
 Metabolic Englaciation   Hex/Ice        16%        N/A       30%         5
 Cause Fear               Hex            7%         N/A       36%         4
 Dispel Undead            Necr           14%        3d10      36%         4
 Leda's Liquefaction      Hex/Erth       7%         N/A       36%         4
 Fireball                 Conj/Fire      13%        3d7       41%         5
 Yara's Violent Unravell  Hex/Tmut       13%        3d7       41%         5
 Bolt of Magma            Conj/Fire/Erth 11%        4d7       52%         5
 Agony                    Necr           14%        N/A       71%         5
 Excruciating Wounds      Necr           7%         N/A       71%         5
 Lee's Rapid Deconstruct  Erth           7%         3d7*      71%         5
 Conjure Ball Lightning   Conj/Air       25%        3x3d7     43%         6
 Freezing Cloud           Conj/Ice/Air   25%        6-21      43%         6
 Summon Hydra             Summ           33%        N/A       43%         7
 Simulacrum               Ice/Necr       16%        N/A       86%         6
 Ozocubu's Refrigeration  Ice            25%        4d10      95%         7
 Invisibility             Hex            14%        N/A       99%         6
 Discord                  Hex            7%         N/A       100%        8
 Ignition                 Fire           7%         3d4       100%        8
 Necromutation            Tmut/Necr      13%        N/A       100%        8
 Death's Door             Necr           7%         N/A       100%        9
 Shatter                  Erth           7%         3d9*      100%        9
 Tornado                  Air            29%        N/A       100%        9


Dungeon Overview and Level Annotations

Branches:
Dungeon (15/15)            Temple (1/1) D:6            Lair (6/6) D:10
  Swamp (0/4) Lair:2        Snake (0/4) Lair:4        Slime (0/5) Lair:6
    Orc (2/2) D:9             Elf (0/3) Orc:2
 Vaults: D:13-14     Depths: D:15

Altars:
Ashenzari
Cheibriados
Dithmenos
Elyvilon
Fedhas
Gozag
Hepliaklqana
Kikubaaqudgha
Makhleb
Nemelex Xobeh
Okawaru
Qazlal
Ru
Sif Muna
Trog
Uskayaw
Vehumet
Wu Jian
Xom
Yredelemnul
Zin
The Shining One
Beogh
Jiyva

Shops:
D:1 **(   D:8 *   D:10 *   D:15 [   Orc:2 ([*(

Annotations:
D:3 1 runed translucent door
D:5 exclusion: statue
D:10 2 transporters
D:13 Jorgrun
D:14 3 runed translucent doors


Innate Abilities, Weirdness & Mutations

You cannot wear most types of armour.
You are amphibious.
You can wear up to eight rings at the same time.
Your skin changes colour to match your surroundings (Stealth+).
Your rubbery body absorbs attacks. (AC +1, EV +1)
((You are camouflaged near water. (Stealth+)))
You have tentacles for arms and can constrict up to eight enemies at once.


Message History

Found a torn book.
The deep elf pyromancer gestures at you while chanting.
The sticky flame misses you.
The deep elf pyromancer casts a spell.
The deep elf pyromancer blinks!
The flayed ghost stares at you with tortured malice.
Terrible wounds open up all over your body!
Casting: Summon Lightning Spire (mildly dangerous; 1% risk of failure)
Confirm with . or Enter, or press ? or * to list all spells.
An electric hum fills the air.
Casting: Summon Lightning Spire (mildly dangerous; 1% risk of failure)
Confirm with . or Enter, or press ? or * to list all spells.
A chill wind blows around you.
The orc knight hits your ice beast with a +0 bardiche!!
The deep elf pyromancer misses you. The wolf spider simulacrum hits you!
The wolf spider simulacrum freezes you!!
The wolf spider simulacrum bites you.
The wolf spider simulacrum freezes you!!
* * * LOW HITPOINT WARNING * * *
The orc knight roars a battlecry!
The orc knight goes into a battle-frenzy!
You hear an angry buzzing noise.
You hear a shout!
You blink.
An ogre mage comes into view. It is wielding a +0 whip.
A hornet comes into view.
The wolf spider simulacrum barely misses your ice beast.
The wolf spider simulacrum bites your ice beast!
Your ice beast dies!
The orc knight roars a battlecry!
The orc knight goes into a battle-frenzy!
The orc knight completely misses you. You block the flayed ghost's attack.
Found a potion of might and a notched wooden ring.
Blink to where?
Press: ? - help, Dir - move target
As you read the scroll of blinking, it crumbles to dust.
A centaur warrior comes into view. It is wielding a +0 morningstar.
The centaur warrior unwields a +0 morningstar.
The centaur warrior wields a +0 longbow.
The centaur warrior shoots an arrow.
The arrow hits you!!
You die...

....##§.#####Wo##..(#
.....#..# ##.§#..#.#
.....#..##!y.o.#..#.#
.....#..##.##..#....#
....##c.##c##O.##...#
....#..#.....#..#...#
#...#...........#...#
#..##...#####...##..#
#..# ####...####@#..#
#..###.........###..#
#........#.#........#
#..........##########
############


You could see an orc knight (strong), a centaur warrior and an ogre mage.

Vanquished Creatures
  Harold (D:8)
  3 boulder beetles
  3 hydras
  A catoblepas (Lair:6)
  An anaconda (Lair:4)
  A centaur warrior (D:14)
  4 two-headed ogres
  A deep troll shaman (Lair:6)
  Erica (D:11)
  An orc high priest (Orc:2)
  Urug (Lair:1)
  5 death yaks (Lair:6)
  3 skeletal warriors (D:14)
  A phantasmal warrior (D:14)
  3 deep elf pyromancers
  An orc knight (D:15)
  4 orc sorcerers (Orc:2)
  2 slime creatures (D:12)
  4 manticores
  4 ugly things (D:14)
  2 black mambas
  17 elephants
  Maurice (D:13)
  A torpor snail (Lair:2)
  13 cane toads
  6 komodo dragons
  Maggie (Lair:2)
  An efreet (D:14)
  A rime drake (Lair:5)
  A polar bear (Lair:6)
  A wolf spider simulacrum (D:14)
  2 hornets
  2 trolls
  14 blink frogs
  18 dream sheep
  Sigmund (D:5)
  A shadow (D:12)
  2 nameless horrors
  3 wyverns
  22 yaks
  3 basilisks
  2 wraiths (D:14)
  2 vampires
  A steam dragon (D:10)
  6 vampire mosquitoes
  Menkaure (D:4)
  2 wargs
  14 water moccasins
  A sky beast (D:6)
  43 orc warriors
  A black bear (D:5)
  10 ogres
  3 necrophages (D:4)
  15 wolves
  7 centaurs
  2 phantoms
  A kobold brigand (D:9)
  13 bullfrogs
  A gnoll sergeant (D:9)
  A wyvern zombie (D:7)
  2 scorpions
  A water moccasin skeleton (D:6)
  13 wights
  17 killer bees
  7 electric eels
  4 howler monkeys
  3 centaur zombies
  2 bullfrog zombies (D:6)
  Crazy Yiuf (D:5)
  A jelly (D:5)
  3 hounds
  13 orc priests
  2 centaur skeletons
  2 gnoll shamans
  An iguana (D:5)
  4 hell rats (Lair:3)
  35 orc wizards
  A killer bee zombie (D:7)
  2 hound zombies (D:5)
  A hound skeleton (D:5)
  2 howler monkey zombies
  13 gnolls
  Robin (D:4)
  5 adders
  A white imp (D:2)
  An ufetubus (D:7)
  3 dart slugs
  122 orcs
  5 bats
  12 endoplasms
  6 giant cockroaches
  17 goblins
  7 hobgoblins
  10 jackals
  4 quokkas
  6 ball pythons
  4 frilled lizards
  5 kobolds
  6 rats
629 creatures vanquished.

Vanquished Creatures (collateral kills)
  Rupert (Lair:4)
  An orc warlord (Orc:2)
  A dire elephant (Lair:6)
  Snorg (Lair:5)
  An ettin (Orc:2)
  5 boulder beetles
  3 hydras
  A catoblepas (Lair:4)
  3 centaur warriors (D:13)
  A death knight (D:14)
  A death yak (Lair:4)
  A two-headed ogre (D:11)
  Sonja (Lair:2)
  3 skeletal warriors (D:14)
  A deep elf pyromancer (D:15)
  2 orc knights
  An ugly thing (D:14)
  An orc sorcerer (Orc:1)
  A cyclops (D:15)
  3 oklob plants
  7 elephants
  2 manticores
  A black mamba (Lair:4)
  A torpor snail (Lair:3)
  A gargoyle (D:13)
  2 cane toads (Lair:5)
  3 efreet
  6 komodo dragons
  A tengu conjurer (D:13)
  A troll (D:12)
  2 polar bears
  4 slime creatures (D:12)
  A blink frog (Lair:5)
  2 dream sheep
  A vampire (D:12)
  A basilisk (Lair:4)
  9 yaks
  4 vampire mosquitoes
  An acid dragon (D:10)
  9 water moccasins
  6 orc warriors
  A black bear (Lair:6)
  3 ogres
  A centaur (D:12)
  2 wolves (Lair:1)
  A howler monkey (D:12)
  3 orc priests (Orc:2)
  7 orc wizards
  A shadow imp (D:6)
  12 orcs
129 creatures vanquished.

Vanquished Creatures (others)
  A white imp (D:6)
  17 fungi
  75 plants
93 creatures vanquished.

Grand Total: 851 creatures vanquished

Notes
Turn   | Place    | Note
-------+----------+-------------------------------------------
     0 | D:1      | voltaire321 the Octopode Venom Mage began the quest for the
                  | Orb.
     0 | D:1      | Reached XP level 1. HP: 11/11 MP: 3/3
    46 | D:1      | Found a faded altar of an unknown god.
    65 | D:1      | Reached XP level 2. HP: 11/18 MP: 0/5
   325 | D:1      | Learned a level 2 spell: Poisonous Vapours
   779 | D:1      | Reached XP level 3. HP: 22/22 MP: 4/6
   916 | D:1      | Found Soytoh's Weapon Emporium.
   922 | D:1      | Reached skill level 1 in Fighting
  1066 | D:1      | Found Teliyte's Assorted Antiques.
  1165 | D:1      | Found Zurown's General Store.
  1168 | D:1      | Bought a +0 buckler for 63 gold pieces
  1417 | D:2      | Reached skill level 1 in Air Magic
  1709 | D:2      | Learned a level 2 spell: Call Imp
  1772 | D:2      | Reached XP level 4. HP: 28/28 MP: 5/7
  2923 | D:3      | Found a runed translucent door.
  2923 | D:3      | Noticed a human
  2926 | D:3      | Found a basalt altar of Yredelemnul.
  3193 | D:3      | Found a glowing golden altar of the Shining One.
  3382 | D:4      | Noticed a phantom
  3395 | D:3      | Reached XP level 5. HP: 25/33 MP: 1/8
  3480 | D:4      | Identified 3 scrolls of acquirement
  3480 | D:4      | Acquired the ring "Kuzios" {rElec Dex+6}
  3502 | D:4      | Noticed a necrophage
  3523 | D:4      | Killed a necrophage
  3524 | D:4      | Reached skill level 1 in Shields
  3524 | D:4      | Reached skill level 1 in Summonings
  3796 | D:4      | Found a white marble altar of Elyvilon.
  3846 | D:4      | Found a shadowy altar of Dithmenos.
  3854 | D:4      | Reached XP level 6. HP: 29/39 MP: 10/10
  3928 | D:4      | Noticed a necrophage
  3938 | D:4      | Noticed a necrophage
  3950 | D:3      | Acquired 675 gold pieces
  4064 | D:1      | Bought the +3 spear of Uncomfortable Rashes {vorpal, +Blink
                  | Dex+10} for 708 gold pieces
  4065 | D:1      | Acquired a +4 ring of evasion
  4629 | D:4      | Noticed Menkaure
  4640 | D:4      | Learned a level 1 spell: Magic Dart
  5004 | D:4      | Killed a necrophage
  5005 | D:4      | Reached XP level 7. HP: 45/45 MP: 11/11
  5151 | D:4      | Reached skill level 1 in Polearms
  5290 | D:4      | Noticed Robin
  5302 | D:4      | Killed Robin
  5315 | D:4      | Killed Menkaure
  5316 | D:4      | Reached skill level 1 in Conjurations
  5741 | D:5      | Entered Level 5 of the Dungeon
  5752 | D:5      | Reached skill level 5 in Poison Magic
  5816 | D:5      | Noticed Sigmund
  5823 | D:5      | Killed Sigmund
  5824 | D:5      | Reached XP level 8. HP: 50/52 MP: 6/13
  5886 | D:5      | Found a radiant altar of Vehumet.
  5908 | D:5      | Learned a level 4 spell: Olgreb's Toxic Radiance
  6108 | D:5      | Found a runed translucent door.
  6109 | D:5      | Noticed Crazy Yiuf
  6125 | D:5      | Killed Crazy Yiuf
  6183 | D:5      | Identified the +3 mace "Neshunge" {vorpal, Str+4}
  6598 | D:5      | Found a sparkling altar of Nemelex Xobeh.
  7187 | D:5      | Reached skill level 1 in Evocations
  7447 | D:5      | Reached XP level 9. HP: 52/57 MP: 6/14
  7831 | D:6      | Learned a level 3 spell: Ignite Poison
  8093 | D:6      | Found a burning altar of Makhleb.
  8101 | D:6      | Identified the +1 robe "Noalow" {Slay+2}
  8134 | D:6      | Found Leg Ifin's Book Shoppe.
  8302 | D:6      | Found a staircase to the Ecumenical Temple.
  8323 | Temple   | Entered the Ecumenical Temple
  8387 | Temple   | Became a worshipper of Sif Muna the Loreminder
  9004 | D:6      | Found a glowing silver altar of Zin.
  9684 | D:7      | Found a broken altar of Ashenzari.
 10115 | D:7      | Reached skill level 1 in Invocations
 10469 | D:7      | Reached XP level 10. HP: 64/64 MP: 11/16
 10504 | D:7      | Reached * piety under Sif Muna
 11196 | D:8      | Reached skill level 5 in Dodging
 11196 | D:8      | Noticed a two-headed ogre
 11339 | D:8      | Noticed Harold
 11363 | D:8      | Killed Harold
 11565 | D:7      | Killed a two-headed ogre
 11994 | D:8      | Noticed a deep elf pyromancer
 12004 | D:8      | Killed a deep elf pyromancer
 12005 | D:8      | Reached skill level 5 in Spellcasting
 12083 | D:8      | Learned a level 4 spell: Summon Ice Beast
 12139 | D:8      | Reached skill level 5 in Fighting
 12208 | D:8      | Found an ornate altar of the Wu Jian Council.
 12228 | D:8      | Noticed a two-headed ogre
 12249 | D:8      | Killed a two-headed ogre
 12250 | D:8      | Reached skill level 1 in Ice Magic
 12337 | D:8      | Reached XP level 11. HP: 17/68 MP: 10/18
 12707 | D:8      | Found Alapn's Lightly-Used Armoury.
 12743 | D:8      | Reached skill level 5 in Air Magic
 12984 | D:9      | Reached skill level 5 in Summonings
 13036 | D:9      | Reached ** piety under Sif Muna
 13400 | D:9      | Found a staircase to the Orcish Mines.
 13809 | D:9      | Noticed a two-headed ogre
 13829 | D:9      | Killed a two-headed ogre
 13913 | D:9      | You fall into a shaft and drop 1 floor!
 13913 | D:10     | Entered Level 10 of the Dungeon
 13914 | D:10     | Found Ustripit's Assorted Antiques.
 13927 | D:9      | Found an ancient bone altar of Kikubaaqudgha.
 13927 | D:9      | Found an iron altar of Okawaru.
 13949 | D:9      | Noticed a two-headed ogre
 13962 | D:9      | Killed a two-headed ogre
 13963 | D:9      | Reached skill level 5 in Polearms
 13963 | D:9      | Reached skill level 5 in Evocations
 14268 | D:9      | Reached *** piety under Sif Muna
 14594 | D:10     | Noticed a glowing orange brain
 14820 | D:10     | Bought a steel ring for 140 gold pieces
 15473 | D:10     | Found a shimmering altar of Xom.
 15501 | D:10     | Found a staircase to the Lair.
 15617 | D:10     | Found a transporter.
 15618 | D:10     | Found a transporter.
 15620 | D:10     | Found a viscous altar of Jiyva.
 15801 | Lair:1   | Entered Level 1 of the Lair of Beasts
 15844 | Lair:1   | Noticed a four-headed hydra
 15871 | Lair:1   | Reached skill level 5 in Invocations
 15946 | D:10     | Killed a four-headed hydra
 15947 | D:10     | Reached XP level 12. HP: 41/80 MP: 3/21
 16193 | Lair:1   | Reached **** piety under Sif Muna
 16278 | Lair:1   | Noticed Urug
 16332 | Lair:1   | Killed Urug
 18205 | Lair:2   | Identified the +2 cloak "Pynoruh" {rF+ rC+}
 18926 | Lair:2   | Noticed Sonja
 18933 | Lair:2   | Killed Sonja
 18935 | Lair:2   | Found a staircase to the Swamp.
 18942 | Lair:2   | Reached skill level 5 in Ice Magic
 19050 | Lair:2   | Noticed Maggie
 19061 | Lair:2   | Killed Maggie
 19784 | Lair:3   | Noticed a five-headed hydra
 19790 | Lair:3   | Killed a five-headed hydra
 19890 | Lair:3   | Reached XP level 13. HP: 86/86 MP: 20/23
 19893 | Lair:3   | Reached ***** piety under Sif Muna
 21339 | Lair:4   | Identified Sif Muna's Disquisition on Companions and
                  | Translocation (Sif Muna gifted it to you on level 4 of the
                  | Lair of Beasts)
 21339 | Lair:4   | Received a gift from Sif Muna
 22709 | Lair:5   | Noticed Snorg
 23298 | Lair:5   | Learned a level 4 spell: Summon Lightning Spire
 23790 | Lair:5   | Killed Snorg
 23976 | Lair:6   | Entered Level 6 of the Lair of Beasts
 24276 | Lair:6   | Reached XP level 14. HP: 83/95 MP: 18/26
 24333 | Lair:6   | Learned a level 6 spell: Shadow Creatures
 24453 | Lair:6   | Found a staircase to the Slime Pits.
 24453 | Lair:6   | Found a viscous altar of Jiyva.
 26921 | Lair:6   | Noticed a dire elephant
 26946 | Lair:6   | Identified Sif Muna's Reference Book on the Captivating
                  | Glacier (Sif Muna gifted it to you on level 6 of the Lair
                  | of Beasts)
 26946 | Lair:6   | Received a gift from Sif Muna
 26982 | Lair:6   | Killed a dire elephant
 27868 | Lair:4   | Noticed Rupert
 27893 | Lair:4   | Killed Rupert
 28350 | Lair:4   | Found a staircase to the Snake Pit.
 28875 | Orc:1    | Entered Level 1 of the Orcish Mines
 29171 | Orc:2    | Entered Level 2 of the Orcish Mines
 29714 | Orc:2    | Found a staircase to the Elven Halls.
 30639 | Orc:2    | Found Puzeuludwi's General Store.
 30858 | Orc:2    | Noticed an orc warlord
 30867 | Orc:2    | Killed an orc warlord
 30868 | Orc:2    | Reached XP level 15. HP: 101/102 MP: 13/27
 30868 | Orc:2    | Identified Sif Muna's Almanac of Sinister Attacks (Sif Muna
                  | gifted it to you on level 2 of the Orcish Mines)
 30868 | Orc:2    | Received a gift from Sif Muna
 30908 | Orc:2    | Found Rothizas's Antique Armour Shop.
 30912 | Orc:2    | Found Toil Luu's Antique Weapon Boutique.
 31324 | Orc:2    | Found Ana Suja's Antique Weapon Shop.
 31829 | D:11     | Learned a level 3 spell: Frozen Ramparts
 32483 | D:11     | Noticed Erica
 32489 | D:11     | Killed Erica
 33016 | D:12     | Acquired a +6 ring of intelligence
 33889 | D:13     | Noticed Maurice
 33923 | D:13     | Killed Maurice
 34718 | D:13     | Noticed Jorgrun
 34755 | D:13     | HP: 1/103 [Jorgrun/staff of earth (14)]
 35102 | D:14     | Found a runed translucent door.
 35102 | D:14     | Found a runed translucent door.
 35114 | D:14     | Found a runed translucent door.
 35155 | D:14     | Identified Sif Muna's Compendium of Captivating Heat (Sif
                  | Muna gifted it to you on level 14 of the Dungeon)
 35155 | D:14     | Received a gift from Sif Muna
 35450 | D:14     | Reached skill level 10 in Dodging
 36708 | D:14     | Reached skill level 10 in Fighting
 36708 | D:14     | Reached skill level 10 in Summonings
 37437 | D:15     | Entered Level 15 of the Dungeon
 37819 | D:15     | Reached skill level 10 in Invocations
 37911 | D:15     | Found Gulooge's Armour Emporium.
 38864 | D:15     | Shot with an arrow by a centaur warrior

Illustrated notes

Levels and vault maps discovered:
D:1:      lightli_iron_boxes, layout_rooms, basic_ecumenical_altar,
          serial_shops, nicolae_shop_overgrown_old_shop, shop_coins,
          nicolae_shop_behind_doors, st_stairs_5
D:2:      layout_basic, minmay_misc_feat_doors, minivault_23
D:3:      layout_basic, tso_altar, dk_yredelemnul_ordeal
D:4:      kb_forest_paths, layout_basic, lemuel_doored_altar,
          nicolae_dithmenos_shadow_blocks, uniq_robin, uniq_menkaure
D:5:      layout_basic, nemelex_dance_club_becter, vehumet_statue, uniq_sigmund,
          uniq_crazy_yiuf_cottage
D:6:      layout_layer_cave, old_standard_altar, bloody_makhleb,
          minmay_temple_entry_trees, serial_shops, nicolae_shop_statue_plus,
          hangedman_abyss_or_decor_stagger, serial_bayou_lake_a
D:7:      layout_basic, ashenzari_altar_1
D:8:      layout_cave_pools, lemuel_coloured_pillars_altar, minmay_shop_damaged,
          uniq_harold
D:9:      kennysheep_spiral_hall, layout_basic, gammafunk_temple_overflow_wave,
          orc_0_dummy, special_room [special_room_orc], solitary_fountain
D:10:     gammafunk_jiyva_shrine, layout_basic, lemuel_round_altar,
          lair_entry_dummy, serial_shops, nicolae_shop_crystal,
          kennysheep_generic_room_2
D:11:     layout_roguey, grunt_ministairs_8, uniq_erica
D:12:     layout_basic, drop_trap
D:13:     layout_loops_cross, david_vaults_2, uniq_maurice, uniq_jorgrun
D:14:     layout_stronghold, minmay_misc_feat_four_crosses, mikee_hates_you
D:15:     gammafunk_enter_depths_forms, layout_rooms, serial_glass,
          glass_columns_a, glass_columns_a, serial_shops, shop_fountains,
          minmay_pinched_square
Temple:   compressed_dpeg_triangle_lava_temple
Lair:1:   layout_loops_ring, grunt_megastairs_4, lemuel_fruit_tree,
          minmay_lair_oklob_chamber, infiniplex_staircase_pool_2, uniq_urug
Lair:2:   statuecave_lemuel, layout_regular_city, swamp_mist_pool, uniq_maggie,
          uniq_sonja
Lair:3:   layout_cave_pods
Lair:4:   beast_lair_carwin_large_1, layout_cave_pods, dummy_snake_entry,
          uniq_rupert
Lair:5:   layout_layer_cave, minmay_lair_oklob_items, uniq_snorg
Lair:6:   grunt_lair_end_beastmaster, layout_cave_pods, slime_altar_1,
          serial_bayou, serial_bayou_pond_e, serial_bayou_shore_a,
          serial_bayou_pond_b, serial_bayou_lagoon_a
Orc:1:    layout_diamond_mine, basic_altar
Orc:2:    grunt_orc_community_town_hall, layout_caves,
          grunt_orc_community_big_house_2, grunt_orc_community_big_house_2,
          grunt_orc_community_house_3, grunt_orc_community_house_3,
          grunt_orc_community_house_2, grunt_orc_community_house_3,
          grunt_orc_community_house_2

Skill      XL: |  1  2  3  4  5  6  7  8  9 10 11 12 13 14 15 |
---------------+----------------------------------------------+-----
Fighting       | 1 2 3 4 5 6 7 8 9 10 | 10.0
Poison Magic   | 4 5 6 7 |  7.0
Air Magic      | 1 2 3 4 5 7 8 |  8.0
Shields        | 1 2 3 4 |  4.0
Summonings     | 1 2 3 4 6 7 8 9 10 | 10.2
Transmutations | 2 3 4 |  4.0
Dodging        | 3 4 5 6 7 8 9 10 | 10.0
Spellcasting   | 3 4 5 6 7 8 9 |  9.6
Polearms       | 1 2 3 4 5 7 8 9 |  9.9
Conjurations   | 1 2 3 4 |  4.0
Evocations     | 1 2 4 5 6 7 |  7.0
Invocations    | 1 3 5 6 8 9 10 | 10.0
Ice Magic      | 1 3 5 6 |  6.0
Stealth        | |  2.6

Action                   |  1- 3 |  4- 6 |  7- 9 | 10-12 | 13-15 || total
-------------------------+-------+-------+-------+-------+-------++-------
Melee: Unarmed           |    16 |       |       |       |       ||    16
       Constrict         |    15 |    16 |    29 |    72 |    99 ||   231
       Dagger            |    61 |    67 |       |       |       ||   128
       Tentacles         |    14 |    20 |    40 |   147 |   289 ||   510
       Spear             |       |    23 |   210 |   487 |   975 ||  1695
 Cast: Sting             |    32 |    26 |    11 |    15 |    29 ||   113
       Poisonous Vapours |       |     6 |    72 |    57 |    38 ||   173
       Magic Dart        |       |       |     3 |     2 |       ||     5
       Call Imp          |       |       |    19 |    22 |       ||    41
       Olgreb's Toxic Ra |       |       |     2 |    39 |    81 ||   122
       Ignite Poison     |       |       |     1 |     7 |    13 ||    21
       Summon Ice Beast  |       |       |       |    33 |   148 ||   181
       Summon Lightning  |       |       |       |       |    76 ||    76
       Shadow Creatures  |       |       |       |       |     5 ||     5
       Frozen Ramparts   |       |       |       |       |     2 ||     2
Invok: Channel Magic     |       |       |       |       |     1 ||     1
 Abil: Evoke Blink       |       |       |       |     4 |    14 ||    18
Evoke: Wand              |       |       |       |       |     3 ||     3
  Use: Potion            |       |     3 |     1 |       |     7 ||    11
       Scroll            |       |     9 |     5 |     9 |    20 ||    43
 Stab: Sleeping          |     5 |     4 |    10 |     8 |    12 ||    39
       Distracted        |       |       |     4 |     4 |    32 ||    40
       Invisible         |       |       |       |       |     1 ||     1
Armor: Skin              |     5 |     4 |    10 |     7 |    24 ||    50
Dodge: Dodged            |    48 |    75 |   126 |   288 |   578 ||  1115
Block: Buckler           |       |       |       |   164 |   292 ||   456

Table legend: (Time is in decaauts)
 A = Elapsed time spent in this place.
 B = Non-inter-level travel time spent in this place.
 C = Inter-level travel time spent in this place.
 D = Time resting spent in this place.
 E = Time spent auto-exploring this place.
 F = Levels seen in this place.
 G = Mean time per level.
                   A        B        C        D        E       F      G
               +--------+--------+--------+--------+--------+-----+--------+
         Total |  38478 |  37317 |   1161 |  14929 |  14578 |  24 | 1603.2 |
       Dungeon |  23106 |  22402 |    704 |   8713 |   9029 |  15 | 1540.4 |
        Temple |     82 |     82 |      0 |      0 |      2 |   1 |   82.0 |
          Lair |  12614 |  12227 |    387 |   5253 |   4632 |   6 | 2102.3 |
  Orcish Mines |   2675 |   2605 |     70 |    963 |    915 |   2 | 1337.5 |
               +--------+--------+--------+--------+--------+-----+--------+

Top non-repeatable levels by time:
  Lair:6: 2890 daAuts
    D:14: 2596 daAuts
     D:7: 2386 daAuts
  Lair:4: 2273 daAuts
  Lair:1: 2165 daAuts
  Lair:5: 2110 daAuts
   Orc:2: 2109 daAuts
     D:6: 1950 daAuts
     D:5: 1906 daAuts
     D:4: 1897 daAuts
  Lair:2: 1618 daAuts
    D:10: 1557 daAuts
  Lair:3: 1556 daAuts
     D:9: 1527 daAuts
     D:2: 1416 daAuts
